Cogmind - Beta 13 @@@ ROGUE MODE // 2024.05.09 @ 23:31:31 Player: naththebg Result: Destroyed by S-10 Pest with Light Assault Rifle Performance ------------- Evolutions (1) 500 Regions Visited (3) 600 Robots Destroyed (37) 185 Value Destroyed (1028) 1028 Prototype IDs (3) 60 Alien Tech Used (0) 0 Bonus (93) 93 TOTAL SCORE: 2466 Bonus ------- High Alert Combat Kills 93 Cogmind --------- Core Integrity 0/400 Matter 290/300 Energy 86/100 System Corruption 0% Temperature Cool (1) Movement Flying (40) Location -9/Storage Parts ------- > --- POWER (1) -------- (None) > --- PROPULSION (4) --- Flight Unit > --- UTILITY (2) ------ (None) > --- WEAPON (2) ------- (None) > --- INVENTORY (5) ---- Cooled Ion Engine Cooled Ion Engine Cooling System Cooling System Small Storage Unit Peak State ------------ > --- POWER ------------ Light Ion Engine > --- PROPULSION ------- Aluminum Leg Aluminum Leg Hover Unit Flight Unit > --- UTILITY ---------- Visual Processing Unit Targeting Computer > --- WEAPON ----------- Advanced Beam Cannon Advanced Beam Cannon > --- INVENTORY -------- Cooled Ion Engine Cooled Ion Engine Cooling System Cooling System Small Storage Unit [Rating: 15] Favorites ----------- Power Light Ion Engine Engine Light Ion Engine Propulsion Compact Wheel Leg Aluminum Leg Wheel Compact Wheel Hover Unit Hover Unit Flight Unit Flight Unit Utility Heat Sink Device Heat Sink Storage Medium Storage Unit Processor Targeting Computer Weapon Light Assault Rifle Energy Gun Medium Laser Energy Cannon Advanced Beam Cannon Ballistic Gun Light Assault Rifle Build | -11 -10 -9 -9 ------- Run | Yrd Mat Mat Sto Slots Evolved 2 | . . 2 . Power . | . . . . Propulsion 2 | . . 2 . Utility . | . . . . Weapon . | . . . . Parts Attached 26 | 5 3 6 12 Power 5 | . 1 1 3 Engine 5 | . 1 1 3 Core . | . . . . Reactor . | . . . . Propulsion 8 | 2 . 2 4 Treads . | . . . . Leg 2 | . . . 2 Wheel 2 | 2 . . . Hover 1 | . . . 1 Flight 3 | . . 2 1 Utility 6 | 1 2 . 3 Device 2 | . 1 . 1 Storage 2 | 1 1 . . Processor 2 | . . . 2 Hackware . | . . . . Protection . | . . . . Artifact . | . . . . Weapon 7 | 2 . 3 2 Energy Gun 2 | 1 . 1 . Energy Cannon 2 | . . . 2 Ballistic Gun 3 | 1 . 2 . Ballistic Cannon . | . . . . Launcher . | . . . . Special Weapon . | . . . . Impact Weapon . | . . . . Slashing Weapon . | . . . . Piercing Weapon . | . . . . Special Melee Weapon . | . . . . Unidentified Prototypes 2 | . . . 2 Parts Lost 12 | . . 3 9 Power 1 | . . . 1 Propulsion 6 | . . 1 5 Utility 1 | . . . 1 Weapon 4 | . . 2 2 Highest Loss Streak 6 | . . 3 6 To Critical Strikes . | . . . . Average Slot Usage (%) 89 | . 93 79 90 Engine 11 | . 12 11 11 Leg 8 | . . . 15 Wheel 10 | . 28 13 . Hover 3 | . . . 7 Flight 8 | . . 11 12 Device 7 | . 9 11 4 Storage 6 | . 14 11 . Processor 8 | . . . 16 Energy Gun 4 | . 14 4 . Energy Cannon 6 | . . . 12 Ballistic Gun 12 | . 14 17 9 Naked Turns 2 | . . . 2 Heaviest Build 19 | 8 19 19 18 Greatest Support 32 | 32 32 32 20 Greatest Overweight (x) 2 | . . 1 2 Average Overweight (x) . | . . . . Largest Inventory Capacity 10 | 8 10 10 10 Average Capacity 7 | 6 9 10 5 Most Carried 10 | 7 9 10 8 Average Carried 6 | 4 7 8 4 Final Capacity 10 | 8 10 10 5 Final Carried 9 | 7 9 8 5 Class Distribution -------------------- 51% | Scavenger-Mutant 48% | Mutant Dominant Class ---------------- Mutant | -10/Materials Scavenger-Mutant | -9/Materials Scavenger-Mutant | -9/Storage Resources | -11 -10 -9 -9 ----------- Run | Yrd Mat Mat Sto Matter Collected 525 | 250 43 92 140 Remotely . | . . . . Salvage Created 1407 | . 136 302 969 Parts 81 | . 8 21 52 Haulers Intercepted 1 | . . . 1 Recyclers Shooed 1 | . . 1 . Parts Field Recycled . | . . . . Retrieved Matter . | . . . . Parts Self-Destructed . | . . . . Prevented . | . . . . Kills | -11 -10 -9 -9 ------- Run | Yrd Mat Mat Sto Combat Hostiles Destroyed 30 | . 2 7 21 Guns 11 | . 2 7 2 Cannons 18 | . . . 18 Classes Destroyed 7 | . 2 3 2 Worker 1 | . . . 1 Hauler 1 | . . . 1 Recycler 1 | . . 1 . Watcher 4 | . 2 1 1 Swarmer 7 | . . 4 3 Grunt 16 | . 2 1 13 Sentry 7 | . . 2 5 Best Kill Streak 10 | . 2 6 10 Combat Bots Only 9 | . 2 6 9 Max Kills in Single Turn 2 | . 1 1 2 Gunslinging . | . . . . Exploded . | . . . . Melee . | . . . . Uniques/NPCs Destroyed . | . . . . Combat | -11 -10 -9 -9 -------- Run | Yrd Mat Mat Sto Hostile Shots Fired 171 | . 9 46 116 Missed 45 | . 1 15 29 Damage Taken 1499 | . 119 379 1001 Core 429 | . 29 90 310 Absorbed by Shields . | . . . . Core Remaining (%) 94 | 100 88 . . Volleys Fired 94 | . 18 29 47 Largest 2 | . 2 2 2 Hottest 136 | . 70 70 136 Shots Fired 184 | . 36 55 93 Gun 111 | . 36 55 20 Cannon 73 | . . . 73 Launcher . | . . . . Special . | . . . . Kinetic 80 | . 18 42 20 Thermal 102 | . 18 11 73 Explosive . | . . . . Electromagnetic 2 | . . 2 . Robot Hit Streak 13 | . 8 13 13 Robot Miss Streak 4 | . 2 2 4 Penetration Max . | . . . . Secondary Targets . | . . . . Shots Hit Robots 122 | . 25 40 57 Core Hits 49 | . 7 17 25 Critical Kills 1 | . . . 1 Critical Parts Destroyed . | . . . . Critical Strikes 3 | . 1 1 1 Burn 2 | . 1 1 . Meltdown 1 | . . . 1 Melee Attacks . | . . . . Impact . | . . . . Slashing . | . . . . Piercing . | . . . . Sneak Attacks . | . . . . Combat Hostiles . | . . . . Follow-up Attacks . | . . . . Damage Inflicted 1893 | . 259 361 1273 Guns 762 | . 259 361 142 Cannons 1128 | . . . 1128 Explosions . | . . . . Melee . | . . . . Ramming 3 | . . . 3 Kinetic 490 | . 96 252 142 Thermal 1390 | . 163 99 1128 Explosive . | . . . . Electromagnetic 10 | . . 10 . Impact . | . . . . Slashing . | . . . . Piercing . | . . . . Highest Corruption . | . . . . Average Corruption . | . . . . Corruption Purged . | . . . . Corruption Blocked . | . . . . Overload Shots . | . . . . Overflow Damage . | . . . . Projectiles . | . . . . Explosions . | . . . . Melee . | . . . . Knockbacks . | . . . . Impact . | . . . . Kinetic . | . . . . Secondary . | . . . . Self-Inflicted Damage . | . . . . Shots . | . . . . Rammed . | . . . . Targets Rammed 1 | . . . 1 Kicked 1 | . . . 1 Crushed . | . . . . Highest Temperature 288 | . 192 14 288 Average Temperature 81 | . 64 4 102 Received Heat Transfer 543 | . 72 96 375 Siege Activations . | . . . . Robots Corrupted . | . . . . Combat Hostiles . | . . . . Parts Fried . | . . . . Impact Corruptions . | . . . . Robots Melted 1 | . . . 1 Combat Hostiles 1 | . . . 1 Parts Melted 6 | . . 2 4 Heat Transferred 2960 | . 555 370 2035 Parts Sabotaged . | . . . . Parts Stolen . | . . . . Parts Stripped . | . . . . Power Chain Reactions . | . . . . Alert | -11 -10 -9 -9 ------- Run | Yrd Mat Mat Sto Peak Influence 580 | . 94 238 580 Initial 100 | . . 39 100 Average 179 | . 54 157 276 Maximum Alert Level 2 | . . 1 2 Low Security (%) 58 | 100 100 71 26 Level 1 32 | . . 28 54 Level 2 9 | . . . 19 Level 3 . | . . . . Level 4 . | . . . . Level 5 . | . . . . High Security . | . . . . Max Security . | . . . . Squads Dispatched 8 | . 2 1 5 Investigation 5 | . 1 1 3 Extermination . | . . . . Reinforcement 3 | . 1 . 2 Assault . | . . . . Garrison . | . . . . Intercept . | . . . . Searches Triggered . | . . . . Construction Impeded . | . . . . Haulers Reinforced . | . . . . Active Scanning Responses . | . . . . Cargo Convoy Interrupts . | . . . . Stealth | -11 -10 -9 -9 --------- Run | Yrd Mat Mat Sto Distress Signals 1 | . . . 1 Communications Jammed . | . . . . Distress Signals . | . . . . Times Spotted 43 | . 7 8 28 Peak Tracking Total 6 | . 3 6 6 Tactical Retreats 1 | . . . 1 Traps | -11 -10 -9 -9 ------- Run | Yrd Mat Mat Sto Traps Triggered 2 | . . 1 1 Indirectly . | . . . . Trap Hack Attempts . | . . . . Triggered . | . . . . Disarmed . | . . . . Reprogrammed . | . . . . Reused . | . . . . Traps Extracted . | . . . . Installed . | . . . . Triggered . | . . . . Machines | -11 -10 -9 -9 ---------- Run | Yrd Mat Mat Sto Machines Disabled . | . . . . Max in Single Turn . | . . . . Machines Repaired . | . . . . Machines Dismantled . | . . . . Machines Sabotaged . | . . . . Overloaded Fab Kills . | . . . . Hacking | -11 -10 -9 -9 --------- Run | Yrd Mat Mat Sto Machines Accessed 8 | . 1 1 6 Terminals 8 | . 1 1 6 Fabricators . | . . . . Repair Stations . | . . . . Recycling Units . | . . . . Scanalyzers . | . . . . Garrison Access . | . . . . Total Hacks 21 | . 4 1 16 Successful 7 | . 1 1 5 Failed 14 | . 3 . 11 Catastrophic 3 | . . . 3 Database Lockouts . | . . . . Manual 1 | . . . 1 Terminals 21 | . 4 1 16 Fabricators . | . . . . Repair Stations . | . . . . Recycling Units . | . . . . Scanalyzers . | . . . . Garrison Access . | . . . . Terminal Hacks 7 | . 1 1 5 Prototype ID Bank 1 | . . . 1 Open Door 4 | . . . 4 Branch Access Points 1 | . . 1 . Maintenance Status 1 | . 1 . . Fabricator Hacks . | . . . . Repair Station Hacks . | . . . . Recycling Unit Hacks . | . . . . Scanalyzer . | . . . . Garrison Access Hacks . | . . . . Unauthorized Hacks . | . . . . Terminals . | . . . . Fabricators . | . . . . Repair Stations . | . . . . Recycling Units . | . . . . Scanalyzers . | . . . . Garrison Access . | . . . . Data Cores Recovered . | . . . . Used . | . . . . Hacking Detections 5 | . 1 . 4 Full Trace Events 3 | . 1 . 2 Feedback Events . | . . . . Feedback Blocked . | . . . . Robot Schematics Acquired . | . . . . Robots Built . | . . . . Authchips . | . . . . Time . | . . . . Total Robot Build Rating . | . . . . Part Schematics Acquired . | . . . . Parts Built . | . . . . Authchips . | . . . . Time . | . . . . Total Part Build Rating . | . . . . Parts Repaired . | . . . . Time . | . . . . Parts Recycled . | . . . . Recycled Matter . | . . . . Retrieved Matter . | . . . . Retrieved Components . | . . . . Parts Scanalyzed . | . . . . Part Schematics Acquired . | . . . . Parts Damaged . | . . . . Bothacking | -11 -10 -9 -9 ------------ Run | Yrd Mat Mat Sto Used RIF Installer . | . . . . Robots Hacked . | . . . . Non-combat . | . . . . Combat . | . . . . Robot Hacks Applied . | . . . . Relay Couplers Released . | . . . . Fabnet Peak Effective % . | . . . . Robots Rewired . | . . . . Allies Hacked . | . . . . Hacks Repelled . | . . . . Allies | -11 -10 -9 -9 -------- Run | Yrd Mat Mat Sto Total Allies . | . . . . Largest Group . | . . . . Highest-Rated Group . | . . . . Highest-Rated Ally . | . . . . Total Orders . | . . . . Ally Attacks . | . . . . Total Damage . | . . . . Kills . | . . . . Allies Corrupted . | . . . . Allies Melted . | . . . . Intel | -11 -10 -9 -9 ------- Run | Yrd Mat Mat Sto Robot Analysis Total . | . . . . Derelict Logs Recovered . | . . . . Drone Launches . | . . . . Drone Recoveries . | . . . . Exploration | -11 -10 -9 -9 ------------- Run | Yrd Mat Mat Sto Turns Passed 944 | 58 240 190 456 Spaces Moved 580 | 51 158 80 291 Core 26 | 19 . . 7 Treads . | . . . . Legs 150 | . . . 150 Wheels 277 | 32 158 80 7 Hover . | . . . . Flight 127 | . . . 127 Fastest Speed 37 | 50 100 100 37 Average Speed 91 | 81 100 109 83 Slowest Speed 150 | 100 100 115 150 Overloaded Moves . | . . . . Propulsion Burnouts . | . . . . Robots Hopped . | . . . . Cave-ins Triggered . | . . . . Exploration Rate (%) 20 | 3 30 7 41 Regions Visited 3 Branch Regions 1 Pre-discovered Areas . | . . . . Known Exits Taken 1 | . . 1 . Unknown Exits Taken 2 | 1 1 . . Scrap Searched . | . . . . Spaces Dug . | . . . . Terrain Destroyed . | . . . . Melee . | . . . . Projectile . | . . . . AOE . | . . . . Terrain Rammed . | . . . . Walls Destroyed . | . . . . Machines Disabled . | . . . . Actions | -11 -10 -9 -9 --------- Run | Yrd Mat Mat Sto Total 828 | 67 210 135 416 Wait 82 | . 19 14 49 Move 577 | 50 157 79 291 Hop . | . . . . Pick Up 28 | 12 8 5 3 Fast Attach 7 | . . . 7 Attach 15 | 5 3 4 3 Detach 4 | . 1 . 3 Swap 4 | . . 2 2 Drop 16 | . 4 2 10 Fire 94 | . 18 29 47 Melee . | . . . . Ram . | . . . . Kick 1 | . . . 1 Crush . | . . . . Escape Stasis . | . . . . Rewire . | . . . . Trap . | . . . . Miscellaneous . | . . . . Route ------- -11/Scrapyard -10/Materials -9/Materials (discovered 2 exits: Min / *Sto) -9/Storage History --------- Turn | Location | Event 8 | -11/Scrapyard | Discovered new exit (range 15) 59 | -11/Scrapyard | Entered Materials 277 | -10/Materials | Discovered new exit (range 13) 299 | -10/Materials | Entered another Materials area 299 | -9/Materials | Evolved 2 slots: Propulsion x2 301 | -9/Materials | Discovered new exit (range 11) 316 | -9/Materials | Build established: Mutant 393 | -9/Materials | Lost 3 parts (1n2w) 401 | -9/Materials | Identified exit to Mines 401 | -9/Materials | Identified exit to Storage 489 | -9/Materials | Entered Storage 705 | -9/Storage | Build established: Scavenger-Mutant 854 | -9/Storage | Core integrity fell below 50% 894 | -9/Storage | Destroyed 9 combat bots 932 | -9/Storage | Core integrity fell below 20% 945 | -9/Storage | Destroyed by S-10 Pest with Light Assault Rifle Last Messages --------------- K-01 Serf collects debris. Flight Unit melted. S-10 Pest destroyed. K-01 Serf collects debris. G-34 Mercenary destroyed. K-01 Serf collects debris. Targeting Computer destroyed. K-01 Serf collects debris. Aluminum Leg destroyed. K-01 Serf collects debris. G-47 Trooper destroyed. S-10 Pest destroyed. K-01 Serf collects debris. Adv. Beam Cannon destroyed. K-01 Serf collects debris. W-16 Scout sends out distress signal. Adv. Beam Cannon destroyed. K-01 Serf collects debris. Acquired Flight Unit. K-01 Serf collects debris. Map ----- +----------------------------------------------------+ | ??????????????????????????????????????????????? | | ??????????????????????????????????????????????? | | ??????????????????????????????????????????????? | | ??????????????????????????????????????????????? | | ??????????????????????????????????????????????? | | ??????????????????????????????????????????????? | | ??????????????????????????????????????????????? | | ??????????????????????????????????????????????? | | ??????????????????????????????????????????????? | | ??????????????????????????????????????????????? | | ????????????????????????? ??????????????????? | | ????????????????????????? #?????????????????? | | ????????????????????????? #?????????????????? | | ????????????????????????# #?????????????????? | | ????????????????????????# #?????????????????? | | ????????????????????????# #?????????????????? | | ????????????????????????# #?????????????????? | | ????????????????????????+! Y?????????????????? | | ????????????????????????#%= #?????????????????? | | ????????????????????????#* #?????????????????? | | ????????????????????????# #?????????????????? | | ????????????????????????# #?????????????????? | | ????????????????????????#*[[#?????????????????? | | ????????????????????????#%w%#?????????????????? | | ????????????????????????#*ks#?????????????????? | | ????????????????????????#@ #?????????????????? | | ????????????????????????# #?????????????????? | | ???????????########?????# +?????????????????? | | ???????????#!!!!#T##????# k#?????????????????? | | ???????????# #????# #?????????????????? | | ???????????#!!!!# #????# u #?????????????????? | | ???????????###??# #???##g ##????????????????? | | ?????????????#####+##### #????????????????? | | ?????????????# [[ #????????????????? | | ??###????????#= =%! #????????????????? | | ?? #??##"#??#*== ! #????????????????? | | "" ??#T #??#=%######## #????????????????? | | "" #??##+####%=######?#######????????????????? | | "" #??#%%%[*!=%/!% #???????????????????? | | #??#%######## "????????????????????????? | | "" ####+#####???? ""????????????????????????? | | "" # #?????""?????????????????????????? | | "" # """"" #????????????????????????????????? | | # """"" #????????????????????????????????? | | #+### """"" #????????????????????????????????? | | # #????????????????????????????????? | | # #????????????????????????????????? | | + #### ## #?????????????????????? | | # !! / ???????????????? | | # ! ####### ???????????????? | +----------------------------------------------------+ Best States ------------- Heat Dissipation 50 Energy Generation 14 Energy Capacity 280 Matter Stores 300 Matter Capacity 300 Sight Range 18 Terrain Scan Density 10 Evasion (%) 62 Targeting Accuracy 5 Item Schematics ----------------- None Robot Schematics ------------------ None Fabricated ------------ Nothing Alien Tech Used ----------------- None Achievements -------------- None Challenges ------------ None Game ------ Seed SeismicDecoderRouter Manual? 0 Play Time 00:15:22 Cumulative 40.3 hours Start 2024.05.09 @ 23:18:39 End 2024.05.09 @ 23:31:31 Sessions 1 Manual Loads 0 Difficulty Rogue Special Mode None Game No. 21 Rogue 21 Adventurer 0 Explorer 0 Win Type - Total 0 Types 0/0/0/0/0/0/0/0/0 Lore% 15 Gallery% 38 Achievement% 28 Wizard Run 0 Options --------- Layout 1 ASCII 0 Keyboard 0 Movement Mouse Keybinds 0 Fullscreen 1 Font 24/Smallcaps Map View 50x35 Zoom Use 0% Tactical HUD 0 Map Filters NONE Filters NONE Steam 1 RUN: 285be240-65c8-4287-ade3-ec78c91edadb